 Dungeon Crawl Stone Soup version 0.29.0-11-gd7f09526c8 (webtiles) character file.

Game seed: 16903218222685974623

60 Bartlander the Poker (level 3, -3/31 HPs)
             Began as a Draconian Cinder Acolyte on Sept 5, 2022.
             Was a High Priest of Ignis.
             Slain by Grinder (6 damage)
             ... on level 3 of the Dungeon.
             The game lasted 00:05:43 (2629 turns).

Bartlander the Poker (Draconian Cinder Acolyte)     Turns: 2629, Time: 00:05:44

Health: -3/31      AC: 12    Str: 16    XL:     3   Next: 80%
Magic:  4/4        EV: 11    Int: 16    God:    Ignis [*****.]
Gold:   172        SH:  0    Dex:  6    Spells: 4/4 levels left

rFire   + . .      SeeInvis .   a - -1 spear (flame)
rCold   . . .      Faith    .   (no shield)
rNeg    . . .      Spirit   .   (body armour unavailable)
rPois   .          Reflect  .   (helmet restricted)
rElec   .          Harm     .   (no cloak)
rCorr   .          Rampage  .   (no gloves)
Will    .....                   (no boots)
Stlth   +.........              (no amulet)
HPRegen 0.10/turn               (no ring)
MPRegen 0.09/turn               (no ring)

@: fiery-armoured
A: AC +5, unfitting armour, cold-blooded
a: Renounce Religion, Fiery Armour, Foxfire Swarm, Rising Flame


You were on level 3 of the Dungeon.
You worshipped Ignis.
Ignis was extremely pleased with you.
You visited 1 branch of the dungeon, and saw 3 of its levels.

You collected 172 gold pieces.

Inventory:

Hand Weapons
 a - a -1 spear of flaming (weapon)
Wands
 m - a wand of flame (12)
Scrolls
 c - 2 scrolls of vulnerability {unknown}
 e - 3 scrolls of identify {unknown}
 h - a scroll of enchant weapon {unknown}
 i - a scroll of poison {unknown}
 k - a scroll of fear {unknown}
 l - a scroll of teleportation {unknown}
Potions
 b - a potion of might {unknown}
 d - a potion of haste {unknown}
 f - a potion of heal wounds {unknown}
 g - a potion of curing {unknown}
 j - 2 potions of ambrosia {unknown}


   Skills:
 - Level 3.2 Fighting
 + Level 4.8 Polearms
 - Level 1.0 Spellcasting
 - Level 3.0 Fire Magic


You had 4 spell levels left.
You didn't know any spells.
Your spell library contained the following spells:

 Spells                   Type           Power      Damage    Failure   Level
 Scorch                   Fire           20%        2d6       10%         2
 Slow                     Hex            0%         N/A       22%         1
 Call Canine Familiar     Summ           0%         N/A       56%         3
 Confusing Touch          Hex            0%         N/A       56%         3
 Portal Projectile        Hex/Tloc       0%         N/A       56%         3
 Vampiric Draining        Necr           0%         2d6       56%         3
 Leda's Liquefaction      Hex/Erth       0%         N/A       92%         4


Dungeon Overview and Level Annotations

Branches:
Dungeon (3/15)

Altars:
Elyvilon

Annotations:
D:3 Grinder


Innate Abilities, Weirdness & Mutations

Your plain brown scales are hard. (AC +5)
You cannot fit into any form of body armour.
You are cold-blooded and may be slowed by cold attacks.


Message History

You are too injured to fight recklessly!
You are too injured to fight recklessly!
You are too injured to fight recklessly!
You are too injured to fight recklessly!
You barely miss Grinder.
Grinder is moderately wounded.
Grinder hits you.
Grinder is burned by your cloak of flames.
Grinder is moderately wounded.
You hit Grinder. You burn Grinder. You tail-slap Grinder.
Grinder is heavily wounded.
An endoplasm comes into view.
Grinder gestures at you. Pain shoots through your body!
* * * LOW HITPOINT WARNING * * *
The kobold throws a stone.
The stone misses you.
The stone barely misses Grinder.
The endoplasm quivers.
You hit Grinder. You burn Grinder.
Grinder is heavily wounded.
Grinder barely misses you.
The kobold throws a stone.
The stone barely misses you.
The stone barely misses Grinder.
You hit Grinder. You burn Grinder.
Your tail-slap misses Grinder.
Grinder is severely wounded.
The kobold throws a stone.
The stone closely misses you.
The stone closely misses Grinder.
Grinder barely misses you.
You closely miss Grinder.
Grinder is severely wounded.
You hit Grinder. You burn Grinder.
Grinder is severely wounded.
Grinder gestures at you. Pain shoots through your body!
* * * LOW HITPOINT WARNING * * *
The kobold throws a stone.
The stone hits you but does no damage.
You hit Grinder but do no damage.
Grinder is severely wounded.
Grinder hits you.
* * * LOW HITPOINT WARNING * * *
You writhe in agony.
You die...

## #.# # .# #. #.# #
.# .# #.# # .# ?. #.#
# .# .# #.# # .# # .#
#.# # ##
#.#.#############.###
#
#.K.J................
.
####@5##########..###
. #...# #.## # .
###..# #.# # . #...
#.# # #### ##.# #
#.##..#### #..>......
##########


You could see Grinder, an endoplasm and a kobold.

Vanquished Creatures
  An adder (D:2)
  6 ball pythons
  5 endoplasms
  6 goblins
  6 hobgoblins
  4 kobolds
  2 quokkas
  5 bats
  4 frilled lizards
  7 rats
46 creatures vanquished.

Notes
Turn   | Place    | Note
-------+----------+-------------------------------------------
     0 | D:1      | Bartlander the Draconian Cinder Acolyte began the quest for
                  | the Orb.
     0 | D:1      | Reached XP level 1. HP: 19/19 MP: 2/2
   284 | D:1      | Reached XP level 2. HP: 26/26 MP: 3/3
   584 | D:1      | Found a faded altar of an unknown god.
   624 | D:1      | Reached skill level 4 in Polearms
  1112 | D:2      | Found a white marble altar of Elyvilon.
  1198 | D:2      | Reached XP level 3. HP: 31/31 MP: 4/4
  2613 | D:3      | Noticed Grinder
  2616 | D:3      | Paralysed by Grinder for 5 turns
  2629 | D:3      | Slain by Grinder

Illustrated notes

Levels and vault maps discovered:
D:1:      dpeg_arrival_central, layout_rooms, shapermc_ecumenical_altar_venn,
          minmay_pentomino_t2
D:2:      layout_loops_corners, basic_altar, minmay_indecisive_spiral
D:3:      layout_basic, uniq_grinder

Skill      XL: |  1  2 |
---------------+-------+-----
Polearms       | 4 |  4.8
Fighting       | |  3.2
Spellcasting   | |  1.0
Fire Magic     | |  3.0

Action                   || total
-------------------------++-------
Melee: Spear             ||   171
       Tailslap          ||    14
Invok: Fiery Armour      ||     1
Armor: Skin              ||    42
Dodge: Dodged            ||    81
